[Event "ICC tourney 2533 (25 5)"]
[Site "Internet Chess Club"]
[Date "2021.04.24"]
[Round "3"]
[White "WANG, LILIAN:K09-15607273"]
[Black "LIN, SYLVIA:K09-16713708"]
[Result "1-0"]
[ICCResult "Black resigns"]
[WhiteElo "1798"]
[BlackElo "934"]
[Opening "French: advance variation"]
[ECO "C02"]
[NIC "FR.03"]
[Time "15:14:42"]
[PlyCount "67"]
[TimeControl "1500+5"]

1. e4 e6 2. d4 d5 3. e5 c5 4. c3 Qb6 5. Nf3 Nc6 6. a3 Bd7 7. b4 cxd4 8.
cxd4 a5 9. b5 Na7 10. a4 Ne7 11. Ba3 Qc7 12. Bd3 Nac8 13. O-O Nb6 14. Bd6
Qd8 15. Nbd2 Nec8 16. Bxf8 Kxf8 17. Nb3 Nc4 18. Bxc4 dxc4 19. Nbd2 Nb6 20.
Rc1 Rc8 21. Ne4 Rc7 22. Nfd2 Ke7 23. Nd6 c3 24. Qf3 f5 25. exf6+ gxf6 26.
N2e4 f5 27. Qg3 fxe4 28. Nxe4 Rg8 29. Qh4+ Kf7 30. Qxh7+ Kf8 31. Qh6+ Rg7
32. Qf4+ Rf7 33. Qd6+ Kg8 34. Qxb6 { Black resigns } 1-0

[Event "ICC tourney 2533 (25 5)"]
[Site "Internet Chess Club"]
[Date "2021.04.24"]
[Round "3"]
[White "ROSE SAFRANEK, VEDA:K09-14975007"]
[Black "WILLIAM STONE, VINCENT:K09-15537233"]
[Result "0-1"]
[ICCResult "White checkmated"]
[WhiteElo "1681"]
[BlackElo "2075"]
[Opening "Sicilian: Taimanov (Bastrikov) variation"]
[ECO "B47"]
[NIC "SI.40"]
[Time "15:12:02"]
[PlyCount "62"]
[TimeControl "1500+5"]

1. e4 c5 2. Nf3 e6 3. d4 cxd4 4. Nxd4 Nc6 5. Nc3 Qc7 6. Ndb5 Qb8 7. Be2 a6
8. Nd4 Nf6 9. O-O Bd6 10. h3 Bh2+ 11. Kh1 Bf4 12. Be3 Bxe3 13. fxe3 Ne5 14.
Qe1 b5 15. Qg3 Ng6 16. Qf2 O-O 17. Bf3 Ra7 18. Rad1 Bb7 19. a3 Qe5 20. Nb3
Bxe4 21. Nxe4 Nxe4 22. Bxe4 Qxe4 23. Nc5 Qc6 24. e4 Rc7 25. b4 d6 26. Nb3
Qxe4 27. Rxd6 Rxc2 28. Qg3 Nh4 29. Nd2 Qe2 30. Qxh4 Rxd2 31. Re1 Qxg2# {
White checkmated } 0-1

[Event "ICC tourney 2533 (25 5)"]
[Site "Internet Chess Club"]
[Date "2021.04.24"]
[Round "3"]
[White "BALAMURUGAN, ABHIJAY:K09-16913354"]
[Black "DAVID NAKADA, JOHJI:K09-15202138"]
[Result "1-0"]
[ICCResult "Black forfeits on time"]
[WhiteElo "1026"]
[BlackElo "1869"]
[Opening "Caro-Kann defense"]
[ECO "B10"]
[NIC "CK.01"]
[Time "15:13:03"]
[PlyCount "117"]
[TimeControl "1500+5"]

1. e4 c6 2. Nf3 d5 3. exd5 cxd5 4. d4 Nc6 5. Bb5 Nf6 6. O-O a6 7. Bxc6+
bxc6 8. Nc3 Bg4 9. h3 Bh5 10. Re1 e6 11. Bg5 Bd6 12. Re3 O-O 13. Qe1 h6 14.
Bxf6 Qxf6 15. Ne5 Bxe5 16. dxe5 Qe7 17. Rg3 Bg6 18. Qe2 Kh7 19. Qg4 Rg8 20.
Qe2 f6 21. exf6 gxf6 22. Re1 e5 23. f4 e4 24. Rf1 f5 25. Qe3 Qf6 26. Qd2 d4
27. Ne2 c5 28. c3 d3 29. Nc1 c4 30. b3 Rac8 31. bxc4 Rxc4 32. Nb3 Rxc3 33.
Qb2 Qb6+ 34. Kh2 Rgc8 35. Qa3 R8c7 36. Rb1 e3 37. Qa4 d2 38. Nxd2 Qd6 39.
Nf3 R3c4 40. Qa5 Qxf4 41. Qxa6 Qxg3+ 42. Kxg3 f4+ 43. Kh2 Bxb1 44. a4 Be4
45. Qe6 Bxf3 46. Qf5+ Kg7 47. Qe5+ Kf8 48. Qf6+ Ke8 49. Qe6+ Kd8 50. Qd6+
Kc8 51. Qa6+ Bb7 52. Qe6+ Kd8 53. Qd6+ Rd7 54. Qf6+ Kc7 55. Qe5+ Rd6 56.
Qa5+ Kb8 57. Qe5 Rd4 58. Qe8+ Ka7 59. Qe5 { Black forfeits on time } 1-0

[Event "ICC tourney 2533 (25 5)"]
[Site "Internet Chess Club"]
[Date "2021.04.24"]
[Round "3"]
[White "JAMES, MATTHEW:K09-16417961"]
[Black "RAMASAMY, NITHIN:K09-16464765"]
[Result "1-0"]
[ICCResult "Black checkmated"]
[WhiteElo "1820"]
[BlackElo "1075"]
[Opening "English opening"]
[ECO "A16"]
[NIC "EO.64"]
[Time "15:12:45"]
[PlyCount "119"]
[TimeControl "1500+5"]

1. c4 Nf6 2. Nc3 g6 3. g3 Bg7 4. Bg2 O-O 5. e4 d6 6. Nge2 Nbd7 7. O-O e5 8.
d3 a5 9. f4 Nc5 10. Be3 b6 11. h3 Bb7 12. g4 Re8 13. f5 Rf8 14. g5 Nfd7 15.
f6 Nxf6 16. gxf6 Bxf6 17. Bh6 Bg7 18. Bxg7 Kxg7 19. Ng3 Qg5 20. Rf3 f5 21.
Nd5 fxe4 22. Nxe4 Nxe4 23. dxe4 Bxd5 24. cxd5 Rxf3 25. Qxf3 Rf8 26. Qe2 Qg3
27. Rf1 Rxf1+ 28. Kxf1 Qf4+ 29. Kg1 Qc1+ 30. Bf1 Qg5+ 31. Kh1 Qc1 32. Qg2
Qb1 33. b3 Qc1 34. Qf2 Qf4 35. Qxf4 exf4 36. h4 Kf6 37. Kg2 g5 38. Kf3 h6
39. Kg4 gxh4 40. Kxf4 h5 41. Bh3 b5 42. Bd7 b4 43. Bf5 h3 44. Bxh3 h4 45.
Bf5 Ke7 46. Kg5 h3 47. Bxh3 Kf7 48. Kf5 Ke7 49. Bg4 Kd7 50. Kf6+ Kd8 51.
Kf7 c6 52. dxc6 Kc7 53. Bd7 Kb8 54. Ke6 Kc7 55. Ke7 Kb6 56. Kxd6 Ka7 57. c7
Kb6 58. c8=Q Ka7 59. Kc6 a4 60. Qb7# { Black checkmated } 1-0

[Event "ICC tourney 2533 (25 5)"]
[Site "Internet Chess Club"]
[Date "2021.04.24"]
[Round "3"]
[White "BHEEMAVARAPU, SREEKAR:K09-16737643"]
[Black "LI, EMMA:K09-16538490"]
[Result "1-0"]
[ICCResult "Black resigns"]
[WhiteElo "754"]
[BlackElo "1342"]
[Opening "Ruy Lopez: Steinitz defense deferred (Russian defense)"]
[ECO "C79"]
[NIC "RL.10"]
[Time "15:14:15"]
[PlyCount "111"]
[TimeControl "1500+5"]

1. e4 e5 2. Nf3 Nc6 3. Bb5 a6 4. Ba4 d6 5. O-O Nf6 6. Re1 b5 7. Bb3 Bg4 8.
h3 Bh5 9. c3 Be7 10. d4 O-O 11. dxe5 Nxe5 12. Nbd2 c6 13. Re3 Re8 14. Qe1
Nxf3+ 15. Nxf3 Bg6 16. Re2 Nxe4 17. Rxe4 Bxe4 18. Qxe4 d5 19. Qd3 Bc5 20.
Bc2 g6 21. Bh6 Qf6 22. Bg5 Qe6 23. Nd4 Bxd4 24. Qxd4 Qe5 25. Bf6 Qxd4 26.
Bxd4 Re2 27. Rc1 Rae8 28. Kf1 R2e6 29. a4 bxa4 30. Bxa4 Rb8 31. b4 Kf8 32.
Ra1 Ke8 33. Bd1 Ra8 34. Be2 c5 35. Bxc5 Kd7 36. Rd1 Kc6 37. Bf3 Re5 38. c4
Rd8 39. Bxd5+ Rdxd5 40. cxd5+ Rxd5 41. Rxd5 Kxd5 42. Ke2 a5 43. Bf8 axb4
44. Bxb4 Ke4 45. Be7 h6 46. f3+ Kf4 47. Bd6+ Kf5 48. Ke3 h5 49. Bh2 g5 50.
Kd4 f6 51. Kd5 g4 52. Bg3 gxf3 53. gxf3 Kg5 54. Ke4 f5+ 55. Ke5 Kg6 56. h4
{ Black resigns } 1-0

[Event "ICC tourney 2533 (25 5)"]
[Site "Internet Chess Club"]
[Date "2021.04.24"]
[Round "3"]
[White "HAMILTON, JACK:K09-16280602"]
[Black "GAO, JERRY:K09-16753890"]
[Result "1/2-1/2"]
[ICCResult "Game drawn by mutual agreement"]
[WhiteElo "1431"]
[BlackElo "877"]
[Opening "French: advance, Paulsen attack"]
[ECO "C02"]
[NIC "FR.03"]
[Time "15:14:06"]
[PlyCount "129"]
[TimeControl "1500+5"]

1. e4 e6 2. d4 d5 3. e5 c5 4. c3 Nc6 5. Nf3 Qb6 6. b3 Nge7 7. Be3 Nf5 8.
Bd3 Bd7 9. O-O cxd4 10. cxd4 Nfxd4 11. Nxd4 Nxd4 12. Qg4 Bc5 13. Qxg7 Rf8
14. Re1 Nf5 15. Qg5 Nxe3 16. fxe3 Be7 17. Qf4 Qb4 18. Rc1 Qxf4 19. exf4 h5
20. a4 a6 21. Nd2 Bb4 22. Nf3 Rc8 23. Rxc8+ Bxc8 24. Rc1 Bd7 25. g3 Bc6 26.
Kf2 Ke7 27. Nd4 Bd7 28. f5 exf5 29. Bxf5 Bxf5 30. Nxf5+ Ke6 31. Ng7+ Kxe5
32. Nxh5 Rg8 33. Rc7 f5 34. Nf4 Bd6 35. Rxb7 Ke4 36. Nh5 Rh8 37. Nf6+ Ke5
38. Nd7+ Ke6 39. Nb6 Rxh2+ 40. Kf3 Rh3 41. Rg7 Kf6 42. Rg8 Kf7 43. Rg5 Kf6
44. Rg8 Kf7 45. Rd8 Rxg3+ 46. Kf2 Rg6 47. Nxd5 f4 48. Kf3 Rg3+ 49. Ke4 Ke6
50. Nxf4+ Bxf4 51. Kxf4 Rxb3 52. Ra8 Rb6 53. Ke3 Kd5 54. Kd3 Rc6 55. Rd8+
Ke6 56. Rd4 Rc5 57. Rc4 Kd5 58. Rd4+ Kc6 59. Rc4 Rxc4 60. Kxc4 Kb6 61. Kb4
a5+ 62. Kc4 Kc6 63. Kd4 Kd6 64. Kc4 Kc6 65. Kd4 { Game drawn by mutual
agreement } 1/2-1/2

[Event "ICC tourney 2533 (25 5)"]
[Site "Internet Chess Club"]
[Date "2021.04.24"]
[Round "3"]
[White "ANDERSON, WILL:K09-16154765"]
[Black "MURUGAN AYYAPPAN, AADARSINI:K09-16041583"]
[Result "0-1"]
[ICCResult "White checkmated"]
[WhiteElo "807"]
[BlackElo "1544"]
[Opening "French defense"]
[ECO "C00"]
[NIC "FR.01"]
[Time "15:14:06"]
[PlyCount "140"]
[TimeControl "1500+5"]

1. e4 e6 2. Nf3 d5 3. e5 c5 4. d3 Nc6 5. Nc3 Nge7 6. Bg5 Qb6 7. Rb1 Ng6 8.
Be2 Ngxe5 9. Nxe5 Nxe5 10. O-O Bd6 11. Na4 Qc7 12. c4 dxc4 13. dxc4 b6 14.
f4 Ng6 15. Bf3 Rb8 16. Be4 Nxf4 17. Qf3 e5 18. Nc3 O-O 19. Nd5 Nxd5 20.
Bxd5 Bb7 21. Bxb7 Rxb7 22. Qg4 Qd7 23. Qe4 Rbb8 24. Qd5 Qg4 25. Bd2 Qd4+
26. Qxd4 exd4 27. Bf4 Bxf4 28. Rxf4 Rfe8 29. Kf2 Re6 30. a4 Rbe8 31. b3
Re2+ 32. Kg3 R8e3+ 33. Rf3 Rxf3+ 34. Kxf3 Re3+ 35. Kf2 Kf8 36. b4 cxb4 37.
Rxb4 Ke7 38. Rb5 Rc3 39. Re5+ Kf6 40. Rb5 Rxc4 41. a5 Rc5 42. Rb4 Rxa5 43.
Rxd4 Ra2+ 44. Kf3 Ra3+ 45. Kf2 Rc3 46. Rd7 Ra3 47. Rd4 Rb3 48. Rd7 a5 49.
Rd5 b5 50. Ke2 a4 51. Kd2 b4 52. Kc2 Rc3+ 53. Kb2 a3+ 54. Ka2 Rc2+ 55. Kb3
Rb2+ 56. Ka4 a2 57. Rd1 Rb1 58. g4 a1=Q+ 59. Kb5 Rxd1 60. g5+ Kxg5 61. h4+
Kg4 62. h5 Qe5+ 63. Ka4 Ra1+ 64. Kb3 Qe3+ 65. Kc4 Rc1+ 66. Kb5 Qc5+ 67. Ka6
Qc6+ 68. Ka5 Qb7 69. Ka4 b3 70. h6 Ra1# { White checkmated } 0-1

[Event "ICC tourney 2533 (25 5)"]
[Site "Internet Chess Club"]
[Date "2021.04.24"]
[Round "3"]
[White "TOBY LYU, ETHAN:K09-16195991"]
[Black "PRATHIK KARRA, KUNAL:K09-14744151"]
[Result "0-1"]
[ICCResult "White resigns"]
[WhiteElo "1838"]
[BlackElo "1121"]
[Opening "French: Marshall variation"]
[ECO "C10"]
[NIC "FR.04"]
[Time "15:12:36"]
[PlyCount "130"]
[TimeControl "1500+5"]

1. e4 e6 2. d4 d5 3. Nc3 c5 4. Bf4 Be7 5. Nb5 Na6 6. exd5 exd5 7. c3 Nf6 8.
Bd3 O-O 9. Nf3 Bd7 10. a4 c4 11. Bc2 h6 12. O-O Re8 13. Re1 Bxb5 14. axb5
Nc7 15. Ba4 Bd6 16. Rxe8+ Ncxe8 17. Ne5 Ne4 18. f3 N4f6 19. g4 g5 20. Bg3
a6 21. h3 axb5 22. Bxb5 Rxa1 23. Qxa1 Nc7 24. Qa4 Nh7 25. Bd7 Nf8 26. Bf5
f6 27. Qa7 fxe5 28. dxe5 Be7 29. Qxb7 Nfe6 30. Qc6 Bc5+ 31. Bf2 Bxf2+ 32.
Kxf2 Qe7 33. Qd6 Kf7 34. Bxe6+ Nxe6 35. Qxd5 Qc5+ 36. Qxc5 Nxc5 37. Ke3 Ke6
38. Kd4 Nd7 39. Kxc4 Nxe5+ 40. Kd4 Nxf3+ 41. Ke4 Ng1 42. b4 Nxh3 43. b5
Nf2+ 44. Kf3 Nd3 45. Kg3 Ne5 46. Kh3 Kd5 47. Kg3 Kc5 48. c4 Kxc4 49. b6 Kc5
50. b7 Nc6 51. Kf3 Kd4 52. Kg3 Ke4 53. Kh3 Kf3 54. Kh2 Kxg4 55. Kg2 Kf4 56.
Kh3 g4+ 57. Kg2 h5 58. Kf2 h4 59. Kg2 h3+ 60. Kh2 Kf3 61. Kg1 g3 62. Kh1
g2+ 63. Kg1 h2+ 64. Kxh2 Kf2 65. b8=Q Nxb8 { White resigns } 0-1

[Event "ICC tourney 2533 (25 5)"]
[Site "Internet Chess Club"]
[Date "2021.04.24"]
[Round "3"]
[White "ATREYA, CHARVI:K09-16816706"]
[Black "BALAKRISHNAN, NAVEEN:K09-15197624"]
[Result "0-1"]
[ICCResult "White resigns"]
[WhiteElo "944"]
[BlackElo "1755"]
[Opening "Sicilian: O'Kelly variation"]
[ECO "B28"]
[NIC "SI.43"]
[Time "15:13:29"]
[PlyCount "54"]
[TimeControl "1500+5"]

1. e4 c5 2. Nf3 a6 3. d4 cxd4 4. Nxd4 e5 5. Nb3 Nf6 6. Nc3 Bb4 7. Bd3 O-O
8. Bg5 Be7 9. Qd2 d6 10. h3 b5 11. a3 Bb7 12. O-O-O h6 13. Be3 Qd7 14. g4
Bc6 15. f3 a5 16. Na2 b4 17. axb4 axb4 18. Nxb4 Ba4 19. Qe2 Qb7 20. Qe1
Bxb3 21. cxb3 d5 22. Nxd5 Nxd5 23. exd5 Qxb3 24. Qc3 Qb7 25. Kb1 Rc8 26.
Qxe5 Bf6 27. Qh2 Qb3 { White resigns } 0-1

[Event "ICC tourney 2533 (25 5)"]
[Site "Internet Chess Club"]
[Date "2021.04.24"]
[Round "3"]
[White "MISHRA, ARYAN:K09-15817708"]
[Black "CHIEN EN LIM, TIMOTHY:K09-16139198"]
[Result "1-0"]
[ICCResult "Black checkmated"]
[WhiteElo "1356"]
[BlackElo "1846"]
[Opening "Benkö gambit"]
[ECO "A57"]
[NIC "BI.46"]
[Time "15:13:24"]
[PlyCount "119"]
[TimeControl "1500+5"]

1. d4 Nf6 2. c4 c5 3. d5 b5 4. b3 d6 5. Nf3 g6 6. Bb2 Bg7 7. e3 O-O 8. Be2
bxc4 9. bxc4 Qb6 10. Bc3 Bf5 11. O-O Qc7 12. Nbd2 Na6 13. a3 Rfd8 14. Nh4
Bc8 15. Rb1 e6 16. e4 exd5 17. exd5 Re8 18. Bd3 Bg4 19. Qa4 Qc8 20. Nhf3
Rb8 21. h3 Bd7 22. Qa5 Nc7 23. Rxb8 Qxb8 24. Rb1 Qd8 25. Rb7 Na8 26. Qxa7
Re7 27. Bxf6 Bxf6 28. Ne4 Kg7 29. Nxf6 Kxf6 30. Rb8 Bc8 31. Qxa8 Rc7 32. a4
Qd7 33. Qa5 Ra7 34. Qc3+ Ke7 35. Ng5 Qc7 36. Rb1 Rxa4 37. Re1+ Kd7 38. Ne4
Ba6 39. Nf6+ Kc8 40. Re8+ Kb7 41. Qb2+ Rb4 42. Qe2 Kb6 43. Re7 Qd8 44. Rxf7
h6 45. Nd7+ Ka5 46. Qa2+ Ra4 47. Qb2 Rb4 48. Qa3+ Ra4 49. Qc3+ Rb4 50. Bc2
Bxc4 51. Qa3+ Kb5 52. Ne5 Bxd5 53. Bd3+ c4 54. Bxc4+ Bxc4 55. Rb7+ Kc5 56.
Qxb4+ Kd5 57. Qxc4+ Kxe5 58. f4+ Kf5 59. g4+ Kf6 60. Qf7# { Black
checkmated } 1-0

[Event "ICC tourney 2533 (25 5)"]
[Site "Internet Chess Club"]
[Date "2021.04.24"]
[Round "3"]
[White "TATINENI, AASHRITH:K09-16429723"]
[Black "FRANKS, IAN:K09-15256952"]
[Result "0-1"]
[ICCResult "White forfeits on time"]
[WhiteElo "1398"]
[BlackElo "820"]
[Opening "Sicilian: Pin variation (Sicilian counter-attack)"]
[ECO "B29"]
[NIC "SI.43"]
[Time "15:14:07"]
[PlyCount "90"]
[TimeControl "1500+5"]

1. e4 c5 2. Nf3 Nf6 3. Nc3 e6 4. d4 cxd4 5. Nxd4 Bb4 6. Bd3 Nc6 7. Nxc6
bxc6 8. Bd2 O-O 9. O-O Bd6 10. h3 Bc7 11. Qf3 d5 12. exd5 exd5 13. Bf4 Bxf4
14. Qxf4 Be6 15. a3 Qd7 16. Rfe1 h6 17. Rad1 Nh7 18. Bxh7+ Kxh7 19. Qd2
Rfe8 20. Ne2 Rab8 21. b3 Qd6 22. a4 Rb4 23. Ng3 Qf4 24. Qxf4 Rxf4 25. Re2
Rb8 26. Rd3 g6 27. Red2 Kg7 28. Re3 a5 29. Kf1 Rbb4 30. Re1 c5 31. Kg1 c4
32. Re3 d4 33. Re4 Rxe4 34. Nxe4 cxb3 35. cxb3 Bxb3 36. Nc5 Bxa4 37. Nxa4
Rxa4 38. Rd3 Rc4 39. Kf1 a4 40. Ra3 Rb4 41. Ke2 Kf6 42. Rd3 Ke5 43. Kf3 Rb3
44. Rxb3 axb3 45. Ke2 b2 { White forfeits on time } 0-1

[Event "ICC tourney 2533 (25 5)"]
[Site "Internet Chess Club"]
[Date "2021.04.24"]
[Round "3"]
[White "GHODAKE, SPARSH:K09-16884947"]
[Black "RODIC, ELLIOT:K09-16510635"]
[Result "1-0"]
[ICCResult "Black checkmated"]
[WhiteElo "1242"]
[BlackElo "724"]
[Opening "English opening"]
[ECO "A20"]
[NIC "EO.24"]
[Time "15:14:44"]
[PlyCount "133"]
[TimeControl "1500+5"]

1. c4 e5 2. g3 Nf6 3. Bg2 Bc5 4. Nc3 d6 5. d3 Bf5 6. Bxb7 Nbd7 7. Bxa8 Qxa8
8. e4 Ng4 9. Be3 Bxe3 10. fxe3 Be6 11. Qe2 Nc5 12. h3 Nf6 13. Nf3 Qb7 14.
g4 c6 15. g5 Nfd7 16. d4 exd4 17. exd4 Na6 18. d5 O-O 19. dxe6 fxe6 20.
O-O-O d5 21. exd5 cxd5 22. cxd5 exd5 23. Rxd5 Nb6 24. Rdd1 Qxf3 25. Qe6+
Kh8 26. Rhf1 Qa8 27. Qd6 Rg8 28. Rf4 Nb8 29. Qg6 N8d7 30. Rh4 Nf8 31. Qd3
Qc6 32. Rf1 Ng6 33. Rd4 Nc8 34. Rd8 Nce7 35. Rxg8+ Nxg8 36. Qd5 Qe8 37. Kb1
Qe7 38. Ne4 h6 39. gxh6 Nxh6 40. Ng5 Qe8 41. Nf7+ Nxf7 42. Qxf7 Qe4+ 43.
Ka1 Kh7 44. a3 Qd4 45. Qf3 Qc5 46. Qf5 Qd6 47. h4 Kg8 48. h5 Nh8 49. Re1
Qc6 50. Qe6+ Qxe6 51. Rxe6 Nf7 52. Ra6 Kh7 53. Rxa7 Ne5 54. b4 Ng4 55. b5
Nf6 56. b6 Nxh5 57. b7 Nf6 58. b8=Q Kh6 59. Qh2+ Nh5 60. Ra6+ g6 61. Qd6
Kg5 62. Qxg6+ Kh4 63. Ra4+ Kh3 64. Qxh5+ Kg3 65. Qf5 Kg2 66. Rg4+ Kh1 67.
Qh5# { Black checkmated } 1-0

[Event "ICC tourney 2533 (25 5)"]
[Site "Internet Chess Club"]
[Date "2021.04.24"]
[Round "3"]
[White "DENG, LILY:K09-16640701"]
[Black "KRICK, OWEN:K09-16875635"]
[Result "1-0"]
[ICCResult "Black forfeits on time"]
[WhiteElo "1844"]
[BlackElo "1146"]
[Opening "Four knights: Spanish variation"]
[ECO "C48"]
[NIC "KP.03"]
[Time "15:12:04"]
[PlyCount "85"]
[TimeControl "1500+5"]

1. e4 e5 2. Nf3 Nc6 3. Nc3 Nf6 4. Bb5 d6 5. h3 Bd7 6. O-O g6 7. d3 Bg7 8.
Bg5 O-O 9. Qd2 a6 10. Bc4 b5 11. Bb3 Na5 12. d4 exd4 13. Nd5 c6 14. Nxf6+
Bxf6 15. Bxf6 Qxf6 16. Qxa5 c5 17. Bd5 Qd8 18. Qxd8 Raxd8 19. Rad1 Be6 20.
Bxe6 fxe6 21. Ng5 Rfe8 22. Rd3 h6 23. Nf3 e5 24. Rfd1 d5 25. Nd2 c4 26. Rg3
Kg7 27. exd5 Rxd5 28. Ne4 a5 29. Rf3 Re6 30. b3 cxb3 31. Rxb3 a4 32. Rb4
Rc6 33. Rd2 Rc4 34. Rxc4 bxc4 35. Nc3 Ra5 36. Nd1 a3 37. Kf1 Kf6 38. Ke2
Rb5 39. Kf3 Rb1 40. c3 d3 41. Ne3 Rc1 42. Nxc4 Rxc3 43. Ne3 { Black
forfeits on time } 1-0

[Event "ICC tourney 2533 (25 5)"]
[Site "Internet Chess Club"]
[Date "2021.04.24"]
[Round "3"]
[White "KAPLAN, AVI:K09-15263943"]
[Black "GOLDEN, RIPLEY:K09-15557812"]
[Result "1-0"]
[ICCResult "Black checkmated"]
[WhiteElo "2116"]
[BlackElo "1584"]
[Opening "QGD: Charousek (Petrosian) variation"]
[ECO "D31"]
[NIC "QO.05"]
[Time "15:15:04"]
[PlyCount "61"]
[TimeControl "1500+5"]

1. d4 d5 2. c4 e6 3. Nc3 Be7 4. cxd5 exd5 5. Bf4 c6 6. e3 Bf5 7. Nf3 Nf6 8.
Be2 h6 9. Ne5 Nbd7 10. Qb3 Nb6 11. f3 Nh5 12. Bg3 Nxg3 13. hxg3 Bh7 14. e4
O-O 15. exd5 cxd5 16. f4 Be4 17. Nxe4 dxe4 18. Qe3 Bb4+ 19. Kf2 Qd5 20. g4
Rfd8 21. Rad1 Rac8 22. g5 Rd6 23. a3 Bxa3 24. bxa3 Rc2 25. gxh6 gxh6 26. f5
Kh7 27. g4 Rf6 28. Ng6 fxg6 29. Qxh6+ Kg8 30. Qh8+ Kf7 31. Rh7# { Black
checkmated } 1-0

[Event "ICC tourney 2533 (25 5)"]
[Site "Internet Chess Club"]
[Date "2021.04.24"]
[Round "3"]
[White "REISS, AIDEN:K09-16581243"]
[Black "BINOY JANI, DEVEN:K09-16503178"]
[Result "0-1"]
[ICCResult "White checkmated"]
[WhiteElo "1853"]
[BlackElo "1185"]
[Opening "French: Schlechter variation"]
[ECO "C01"]
[NIC "FR.01"]
[Time "15:12:04"]
[PlyCount "144"]
[TimeControl "1500+5"]

1. e4 e6 2. d4 d5 3. Bd3 c5 4. exd5 exd5 5. Nf3 Nf6 6. O-O Be7 7. dxc5 Bxc5
8. Re1+ Be7 9. Qe2 Nc6 10. Bb5 Bg4 11. Nc3 Bxf3 12. Qxf3 O-O 13. Bg5 Nd4
14. Qd3 Nxb5 15. Nxb5 Qd7 16. Nd4 Rae8 17. Nf5 Bd8 18. Red1 Re5 19. Bxf6
Rxf5 20. Bd4 b6 21. Re1 Bc7 22. Re3 Rh5 23. h3 Rh6 24. Rae1 Bd6 25. Be5
Bxe5 26. Rxe5 Re6 27. R1e3 Rd6 28. Re7 Qa4 29. Qf5 Rf6 30. Qxd5 Qxc2 31.
Re2 Qc1+ 32. Kh2 Qf4+ 33. g3 Qb8 34. Qb5 h6 35. Re8 Rxf2+ 36. Kh1 Qb7+ 37.
R2e4 Rxe8 38. Qxe8+ Kh7 39. Kg1 Rxb2 40. Qe5 Rxa2 41. h4 Qd7 42. h5 Qh3 43.
Re2 Rxe2 44. Qxe2 Qxg3+ 45. Kh1 Qg5 46. Qe4+ f5 47. Qb7 Qxh5+ 48. Kg1 Qg4+
49. Kf1 Qf4+ 50. Kg1 Qc1+ 51. Kg2 Qd2+ 52. Kf1 Qd3+ 53. Kg1 f4 54. Qxa7 f3
55. Qf7 Qg6+ 56. Qxg6+ Kxg6 57. Kf2 Kf5 58. Kxf3 h5 59. Kg3 b5 60. Kh4 b4
61. Kxh5 Ke4 62. Kg6 b3 63. Kxg7 b2 64. Kf7 b1=Q 65. Ke7 Qb6 66. Kf7 Qd6
67. Kg7 Qe6 68. Kf8 Qd7 69. Kg8 Qe7 70. Kh8 Kf5 71. Kg8 Kg6 72. Kh8 Qf8# {
White checkmated } 0-1

[Event "ICC tourney 2533 (25 5)"]
[Site "Internet Chess Club"]
[Date "2021.04.24"]
[Round "3"]
[White "SUN, YIMENG:K09-16513258"]
[Black "PRASAD, SHIVAM:K09-16673648"]
[Result "1-0"]
[ICCResult "Black checkmated"]
[WhiteElo "1323"]
[BlackElo "789"]
[Opening "Giuoco Piano: LaBourdonnais variation"]
[ECO "C53"]
[NIC "IG.02"]
[Time "15:13:29"]
[PlyCount "99"]
[TimeControl "1500+5"]

1. e4 e5 2. Nf3 Nc6 3. Bc4 Bc5 4. c3 d6 5. d4 exd4 6. cxd4 Bb6 7. Be3 Nf6
8. Nc3 O-O 9. O-O h6 10. h3 Re8 11. Qc2 Nb4 12. Qb1 c5 13. a3 Na6 14. dxc5
Nxc5 15. Bxc5 Bxc5 16. Rd1 b6 17. e5 Nd7 18. exd6 Nf6 19. Qd3 Bd7 20. Qg6
Be6 21. Bxe6 Rxe6 22. Qd3 Bxd6 23. Kf1 Rc8 24. Nb5 Ne4 25. Nxd6 Qxd6 26.
Qa6 Qb8 27. Rac1 Rxc1 28. Rxc1 Nc5 29. Qb5 Qc8 30. b4 Qa6 31. Qxa6 Nxa6 32.
Rc8+ Kh7 33. b5 Nc5 34. Rc7 Nd3 35. Rxf7 Kg6 36. Rxa7 Nb2 37. g4 Rf6 38.
Ne5+ Kh7 39. a4 Rf4 40. a5 bxa5 41. Rxa5 Rb4 42. f3 Rb3 43. Kf2 Nd1+ 44.
Ke1 Nc3 45. Ra6 Rxb5 46. Nf7 Rb3 47. g5 Rb7 48. g6+ Kg8 49. Ra8+ Rb8 50.
Rxb8# { Black checkmated } 1-0

[Event "ICC tourney 2533 (25 5)"]
[Site "Internet Chess Club"]
[Date "2021.04.24"]
[Round "3"]
[White "NGO, BACH:K09-15576043"]
[Black "ZOFFER, OSKAR:K09-16471866"]
[Result "1-0"]
[ICCResult "Black forfeits on time"]
[WhiteElo "2222"]
[BlackElo "1680"]
[Opening "QGD: Ragozin variation"]
[ECO "D38"]
[NIC "NI.27"]
[Time "15:12:20"]
[PlyCount "91"]
[TimeControl "1500+5"]

1. d4 e6 2. Nf3 Nf6 3. c4 d5 4. Nc3 Bb4 5. Qa4+ Nc6 6. Ne5 Bxc3+ 7. bxc3
Bd7 8. Nxd7 Qxd7 9. Ba3 Ne7 10. Qb4 b6 11. e3 a5 12. Qb3 O-O 13. Be2 Rfe8
14. O-O Ng6 15. Rfc1 Rab8 16. cxd5 exd5 17. c4 dxc4 18. Qxc4 Rec8 19. Rab1
c6 20. Qc2 b5 21. Bf3 b4 22. Bb2 Ne7 23. Qa4 Rb5 24. Rc5 Qc7 25. Rbc1 Qb6
26. Qxb5 Qxb5 27. Rxb5 cxb5 28. Be2 Rxc1+ 29. Bxc1 Ned5 30. Bxb5 Nc3 31.
Bc4 Nd7 32. Bb2 Nb6 33. Bxc3 bxc3 34. Bd3 Nd5 35. a3 Nb6 36. Kf1 Nc4 37. a4
Nb2 38. Bc2 Kf8 39. Ke2 Ke7 40. e4 Kd6 41. g4 g5 42. Ke3 f6 43. Ke2 h6 44.
Ke3 Ke6 45. Bb3+ Kd6 46. Ke2 { Black forfeits on time } 1-0

[Event "ICC tourney 2533 (25 5)"]
[Site "Internet Chess Club"]
[Date "2021.04.24"]
[Round "3"]
[White "BUCHIREDDY, ARYAN:K09-17330263"]
[Black "TATIKONDA, NIHANTH:K09-16818044"]
[Result "1/2-1/2"]
[ICCResult "Game drawn by mutual agreement"]
[WhiteElo "844"]
[BlackElo "1392"]
[Opening "Sicilian: Alapin's variation (2.c3)"]
[ECO "B22"]
[NIC "SI.47"]
[Time "15:17:08"]
[PlyCount "82"]
[TimeControl "1500+5"]

1. e4 c5 2. c3 Nf6 3. e5 Nd5 4. d4 cxd4 5. cxd4 e6 6. Nf3 d6 7. Nc3 Nxc3 8.
bxc3 Nc6 9. Bb5 a6 10. Bxc6+ bxc6 11. O-O Be7 12. Bf4 O-O 13. Qd2 h6 14. c4
a5 15. a4 Ba6 16. Rfc1 dxe5 17. Nxe5 Qc8 18. d5 Bb4 19. Qe3 exd5 20. cxd5
c5 21. Qg3 Kh8 22. Qh4 Qf5 23. Qg4 Qxg4 24. Nxg4 f6 25. Bc7 Rac8 26. d6 Rf7
27. Ne3 c4 28. Nxc4 Bxc4 29. Rd1 Rd7 30. Rac1 Bb3 31. Rd3 Bxa4 32. Ra1
Rcxc7 33. dxc7 Rxc7 34. h3 Bb5 35. Rd8+ Kh7 36. Rb8 Bd3 37. Rd8 Bg6 38. Rd4
Bc3 39. Rc1 Bxd4 40. Rxc7 a4 41. Rc4 Bb6 { Game drawn by mutual agreement }
1/2-1/2

[Event "ICC tourney 2533 (25 5)"]
[Site "Internet Chess Club"]
[Date "2021.04.24"]
[Round "3"]
[White "PEDERSON, MASON:K09-16875620"]
[Black "NARNUR, PRASHANSA:K09-15668920"]
[Result "0-1"]
[ICCResult "White forfeits on time"]
[WhiteElo "913"]
[BlackElo "1498"]
[Opening "King's Indian defense, 3.Nc3"]
[ECO "E61"]
[NIC "KI.80"]
[Time "15:17:08"]
[PlyCount "52"]
[TimeControl "1500+5"]

1. d4 Nf6 2. c4 g6 3. Nc3 Bg7 4. Nf3 O-O 5. Bf4 d6 6. e3 Nc6 7. Be2 Re8 8.
O-O d5 9. Re1 e6 10. Qc2 Ne7 11. Rad1 c6 12. e4 Qa5 13. e5 Nd7 14. c5 Qd8
15. Qd2 b6 16. b4 b5 17. Bh6 Nf5 18. Bxg7 Kxg7 19. Bd3 a5 20. a3 Rf8 21.
Qg5 Qxg5 22. Nxg5 Nxd4 23. Bb1 Nf5 24. Bxf5 gxf5 25. h3 axb4 26. axb4 Ra3 {
White forfeits on time } 0-1